 Dungeon Sprint DCSS version 0.28-a0-71-g84acfa7270 (webtiles) character file.

Game seed: 1611550121292279550

18722 Zeldest the Brawler (level 12, -22/130 HPs)
             Began as a Troll Fighter on Aug 2, 2021.
             Was the Champion of Cheibriados.
             Killed from afar by a tengu reaver (47 damage)
             ... with a bolt of fire
             ... in the Dungeon (Sprint IX: "|||||||||||||||||||||||||||||").
             The game lasted 00:08:11 (991 turns).

Zeldest the Brawler (Troll Fighter)                  Turns: 991, Time: 00:08:12

Health: -22/130    AC:  8    Str: 46    XL:     12   Next: 30%
Magic:  17/17      EV: 18    Int: 19    God:    Cheibriados [******]
Gold:   1310       SH: 30    Dex: 27    Spells: 11/11 levels left

rFire   . . .      SeeInvis .     - Unarmed
rCold   . . .      Faith    .   r - +1 tower shield
rNeg    + . .      Spirit   .   k - +2 robe {rN+}
rPois   .          Reflect  +   (helmet restricted)
rElec   .          Harm     .   (no cloak)
rCorr   .          Rampage  .   (gloves unavailable)
Will    .....      NoTele   +   (boots unavailable)
Stlth   ++........              h - amulet of reflection
HPRegen 1.31/turn               l - +3 ring of dexterity
MPRegen 0.15/turn               m - +2 ring of protection

@: very slow
A: large, unfitting armour, claws 3, regeneration 1, shaggy fur 1, tough skin 1,
horns 1, low mp 1, screaming 1
a: Renounce Religion, Bend Time, Temporal Distortion, Slouch, Step From Time


You were in the Dungeon.
You worshipped Cheibriados.
Cheibriados was exalted by your worship.
You visited 1 branch You collected 1860 gold pieces.
You spent 550 gold pieces at shops.

Inventory:

Armour
 a - a +0 robe
 b - a +0 kite shield
 k - a +2 robe of positive energy (worn)
 p - +1 fire dragon scales
 q - +1 ice dragon scales
 r - a +1 tower shield (worn)
Jewellery
 e - an amulet of faith
 h - an amulet of reflection (around neck)
 l - a +3 ring of dexterity (left claw)
 m - a +2 ring of protection (right claw)
Scrolls
 i - 2 scrolls of blinking
 j - 2 scrolls of amnesia
 o - 4 scrolls of enchant armour
 s - a scroll of fog
 t - a scroll of fear
Potions
 c - 3 potions of heal wounds
 d - 6 potions of curing
 f - 3 potions of resistance
 g - 5 potions of magic
 n - 2 potions of lignification


   Skills:
 + Level 11.2 Fighting
 + Level 10.7 Armour
 + Level 11.0 Dodging
 + Level 11.2 Shields
 + Level 15.0 Unarmed Combat
 + Level 11.7 Invocations


You had 11 spell levels left.
You didn't know any spells.
Your spell library was empty.

Dungeon Overview and Level Annotations

Branches:
Dungeon (1/1)

Altars:
Cheibriados
Dithmenos
Elyvilon
Fedhas
Gozag
Hepliaklqana
Kikubaaqudgha
Makhleb
Nemelex Xobeh
Okawaru
Qazlal
Ru
Sif Muna
Trog
Uskayaw
Vehumet
Wu Jian
Xom
Yredelemnul
Zin
The Shining One
Beogh
Jiyva
Lugonu

Shops:
D !([!


Innate Abilities, Weirdness & Mutations

You are too large for most types of armour.
You have claws for hands.
Your natural rate of healing is unusually fast.
You are covered in fur. (AC +1)
You have tough skin. (AC +1)
You have a pair of small horns on your head.
Your magical capacity is low. (-10% MP)
You occasionally shout uncontrollably at your foes.


Message History

The stone giant is almost dead.
The stone giant hits you!!
You hit the stone giant but do no damage.
The stone giant is almost dead.
The stone giant hits you!
You smack the stone giant!
You kill the stone giant!
Cheibriados appreciates the change of pace.
Your Dodging skill increases to level 11!
Your Unarmed Combat skill increases to level 15!
Your transformation is almost over.
A tengu reaver comes into view. It is wielding a +1 battleaxe.
The tengu reaver shouts!
The tengu reaver casts a spell at you. The bolt of lightning hits you!!!
The tengu reaver gestures at you while chanting.
The bolt of fire hits you!!
* * * LOW HITPOINT WARNING * * *
You feel much better.
You feel less wooden.
Your +2 robe of positive energy unmelds from your body.
You feel more protected from negative energy.
The tengu reaver casts a spell at you. The bolt of fire misses you.
You block the tengu reaver's attack. The tengu reaver pecks you.
The tengu reaver completely misses you.
The tengu reaver hits you with a +1 battleaxe!!
* * * LOW HITPOINT WARNING * * *
You block the tengu reaver's attack. The tengu reaver misses you.
Things that are here:
9 large rocks; a cyclops corpse; an ugly thing corpse You barely miss the tengu reaver.
You headbutt the tengu reaver.
The tengu reaver is lightly wounded.
You block the tengu reaver's attack. x2
The tengu reaver claws you but does no damage.
You mangle the tengu reaver!! Your headbutt misses the tengu reaver.
The tengu reaver is heavily wounded.
The tengu reaver gestures at you while chanting.
The bolt of fire hits you!!!
You die...

.(....††††'.........†....†....†??
▓▓▓▓▓▓▓▓▓▓▓▓▓▓▓▓▓▓▓▓▓▓▓▓▓▓▓▓▓▓▓▓▓
.................................
▓▓▓▓▓▓▓▓▓▓▓▓▓▓▓▓▓▓▓▓▓▓▓▓▓▓▓▓▓▓▓▓▓
.∩)∩.∩))).))..))))))))))'.....)))
▓▓▓▓▓▓▓▓▓▓▓▓▓▓▓▓▓▓▓▓▓▓▓▓▓▓▓▓▓▓▓▓▓
.)..........................)....
▓▓▓▓▓▓▓▓▓▓▓▓▓▓▓▓▓▓▓▓▓▓▓▓▓▓▓▓▓▓▓▓▓
,u.Cu.J'.....Q@....[.[[[.[.))))
▓▓▓▓▓▓▓▓▓▓▓▓▓▓▓▓▓▓▓▓▓▓▓▓▓▓▓▓▓▓ ,
, , * ** ** * * ** * * * *


You could see a tengu reaver.

Vanquished Creatures
  A stone giant (D)
  A boulder beetle (D)
  2 hydras (D)
  Erolcha (D)
  A death yak (D)
  2 orc knights (D)
  A lindwurm (D)
  10 orc sorcerers (D)
  A cyclops (D)
  3 manticores (D)
  3 ugly things (D)
  A cane toad (D)
  A kobold demonologist (D)
  5 komodo dragons (D)
  Psyche (D)
  A rime drake (D)
  3 tyrant leeches (D)
  A slime creature (D)
  A wyvern (D)
  A yak (D)
  A wraith (D)
  A shadow (D)
  2 basilisks (D)
  A vampire mosquito (D)
  Grum (D)
  5 water moccasins (D)
  A swamp drake (shapeshifter) (D)
  10 orc warriors (D)
  2 wolves (D)
  A bullfrog (D)
  A gnoll sergeant (D)
  A scorpion (D)
  A wight (D)
  3 orc priests (D)
  7 orc wizards (D)
  An adder (D)
  5 worms (D)
  4 dart slugs (D)
  8 orcs (D)
  A giant cockroach zombie (D)
  2 rats (D)
100 creatures vanquished.

Notes
Turn   | Place    | Note
-------+----------+-------------------------------------------
     0 | D        | Zeldest the Troll Fighter began the quest for the Orb.
     0 | D        | Reached XP level 1. HP: 22/22 MP: 0/0
     1 | D        | Banished a spatial maelstrom
     7 | D        | Reached skill level 3 in Unarmed Combat
    10 | D        | Reached skill level 4 in Unarmed Combat
    13 | D        | Reached XP level 2. HP: 29/29 MP: 1/1
    19 | D        | Noticed a scorpion
    22 | D        | Reached skill level 6 in Unarmed Combat
    22 | D        | Reached XP level 3. HP: 34/36 MP: 2/2
    30 | D        | Reached skill level 7 in Unarmed Combat
    30 | D        | Killed a scorpion
    31 | D        | Reached skill level 9 in Unarmed Combat
    31 | D        | Reached XP level 4. HP: 44/44 MP: 3/3
    35 | D        | Found a snail-covered altar of Cheibriados.
    35 | D        | Found a shadowy altar of Dithmenos.
    35 | D        | Found a white marble altar of Elyvilon.
    35 | D        | Found a blossoming altar of Fedhas.
    35 | D        | Found an opulent altar of Gozag.
    36 | D        | Found a hazy altar of Hepliaklqana.
    37 | D        | Found a viscous altar of Jiyva.
    38 | D        | Found an ancient bone altar of Kikubaaqudgha.
    39 | D        | Became a worshipper of Cheibriados the Contemplative
    40 | D        | Found a corrupted altar of Lugonu.
    41 | D        | Found a burning altar of Makhleb.
    42 | D        | Found a sparkling altar of Nemelex Xobeh.
    43 | D        | Found an iron altar of Okawaru.
    44 | D        | Found a stormy altar of Qazlal.
    45 | D        | Found a sacrificial altar of Ru.
    46 | D        | Found a shimmering blue altar of Sif Muna.
    47 | D        | Found a bloodstained altar of Trog.
    48 | D        | Found a hide-covered altar of Uskayaw.
    49 | D        | Found a radiant altar of Vehumet.
    50 | D        | Found an ornate altar of the Wu Jian Council.
    51 | D        | Found a shimmering altar of Xom.
    52 | D        | Found a basalt altar of Yredelemnul.
    53 | D        | Found a glowing silver altar of Zin.
    54 | D        | Found a glowing golden altar of the Shining One.
    82 | D        | Noticed a kobold demonologist
    82 | D        | Noticed a wyvern
    82 | D        | Noticed a gnoll sergeant
    82 | D        | Noticed an orc warrior
    85 | D        | Killed an orc warrior
    86 | D        | Reached skill level 1 in Armour
    86 | D        | Reached XP level 5. HP: 53/53 MP: 3/5
    88 | D        | Reached * piety under Cheibriados
    92 | D        | Reached skill level 10 in Unarmed Combat
    92 | D        | Reached XP level 6. HP: 41/62 MP: 3/7
    93 | D        | Reached ** piety under Cheibriados
    94 | D        | Noticed an ice devil
    95 | D        | Killed a wyvern
   101 | D        | Killed a kobold demonologist
   101 | D        | Reached *** piety under Cheibriados
   102 | D        | Reached skill level 5 in Fighting
   102 | D        | Reached skill level 5 in Dodging
   102 | D        | Reached skill level 5 in Shields
   102 | D        | Reached XP level 7. HP: 42/72 MP: 4/9
   106 | D        | Noticed a basilisk
   106 | D        | Noticed a manticore
   106 | D        | Noticed a shadow
   106 | D        | Noticed a wraith
   106 | D        | Noticed a manticore
   106 | D        | Noticed a manticore
   110 | D        | Killed a manticore
   111 | D        | Reached skill level 5 in Armour
   111 | D        | Reached skill level 11 in Unarmed Combat
   111 | D        | Reached skill level 5 in Invocations
   111 | D        | Reached XP level 8. HP: 36/83 MP: 5/11
   114 | D        | Killed a manticore
   119 | D        | Reached **** piety under Cheibriados
   123 | D        | Killed a manticore
   124 | D        | Reached XP level 9. HP: 57/92 MP: 7/13
   227 | D        | Gained mutation: You passively map a small area around you.
                  | [potion of mutation]
   227 | D        | Gained mutation: Your mind is acute. (Int +2) [potion of
                  | mutation]
   254 | D        | Noticed a komodo dragon
   257 | D        | Noticed a five-headed hydra
   261 | D        | Reached ***** piety under Cheibriados
   265 | D        | Killed a komodo dragon
   266 | D        | Reached skill level 12 in Unarmed Combat
   266 | D        | Noticed a seven-headed hydra
   267 | D        | Reached ****** piety under Cheibriados
   274 | D        | Killed a five-headed hydra
   281 | D        | Killed an eight-headed hydra
   282 | D        | Reached XP level 10. HP: 105/105 MP: 10/15
   299 | D        | Noticed a cane toad
   299 | D        | Noticed a death yak
   313 | D        | Killed a death yak
   322 | D        | Killed a cane toad
   323 | D        | Reached skill level 13 in Unarmed Combat
   381 | D        | Noticed a lindwurm
   393 | D        | Killed a lindwurm
   394 | D        | Reached XP level 11. HP: 71/115 MP: 17/17
   422 | D        | Noticed Grum
   430 | D        | Killed Grum
   508 | D        | Noticed an orc knight
   508 | D        | Noticed an orc knight
   515 | D        | Killed an orc knight
   520 | D        | Killed an orc knight
   521 | D        | Reached skill level 10 in Invocations
   566 | D        | Noticed an orc sorcerer
   573 | D        | Killed an orc sorcerer
   598 | D        | Reached skill level 10 in Fighting
   607 | D        | Reached skill level 10 in Shields
   665 | D        | Found Waol's Distillery.
   665 | D        | Noticed an orc sorcerer
   665 | D        | Noticed an orc sorcerer
   665 | D        | Noticed an orc sorcerer
   665 | D        | Noticed an orc sorcerer
   667 | D        | Noticed an orc sorcerer
   669 | D        | Killed an orc sorcerer
   670 | D        | Reached skill level 14 in Unarmed Combat
   670 | D        | Killed an orc sorcerer
   673 | D        | Killed an orc sorcerer
   674 | D        | Reached skill level 10 in Dodging
   674 | D        | Killed an orc sorcerer
   675 | D        | Found Tigalop's Antique Armour Shop.
   683 | D        | Killed an orc sorcerer
   688 | D        | Found Gaothrej's Weapon Boutique.
   694 | D        | Found Wiadowu's Distillery.
   696 | D        | Noticed an orc sorcerer
   697 | D        | Noticed an orc sorcerer
   700 | D        | Noticed a soul eater
   701 | D        | Killed an orc sorcerer
   701 | D        | Killed an orc sorcerer
   702 | D        | Reached skill level 10 in Armour
   714 | D        | Noticed an orc sorcerer
   715 | D        | Noticed an orc sorcerer
   718 | D        | Killed an orc sorcerer
   719 | D        | Killed an orc sorcerer
   757 | D        | Bought a potion of invisibility for 80 gold pieces
   757 | D        | Bought a potion of resistance for 100 gold pieces
   757 | D        | Bought a potion of lignification for 30 gold pieces
   763 | D        | Bought a potion of mutation for 80 gold pieces
   763 | D        | Bought a potion of mutation for 80 gold pieces
   763 | D        | Bought a potion of lignification for 30 gold pieces
   763 | D        | Bought a potion of heal wounds for 50 gold pieces
   763 | D        | Bought a potion of resistance for 100 gold pieces
   763 | D        | Lost mutation: Your mind is acute. (Int +2) [potion of
                  | mutation]
   763 | D        | Gained mutation: You are strong-willed. (Will+) [potion of
                  | mutation]
   763 | D        | Gained mutation: Armour fits poorly on your strangely
                  | shaped body. [potion of mutation]
   763 | D        | Gained mutation: You expend magic power (3 MP) to
                  | strengthen your wands. [potion of mutation]
   764 | D        | Lost mutation: Armour fits poorly on your strangely shaped
                  | body. [potion of mutation]
   764 | D        | Lost mutation: You passively map a small area around you.
                  | [potion of mutation]
   764 | D        | Lost mutation: You expend magic power (3 MP) to strengthen
                  | your wands. [potion of mutation]
   793 | D        | Noticed Psyche
   798 | D        | Killed Psyche
   819 | D        | Noticed Erolcha
   834 | D        | Killed Erolcha
   905 | D        | Lost mutation: You are strong-willed. (Will+) [potion of
                  | mutation]
   905 | D        | Gained mutation: You occasionally shout uncontrollably at
                  | your foes. [potion of mutation]
   905 | D        | Gained mutation: Your magical capacity is low. (-10% MP)
                  | [potion of mutation]
   905 | D        | Gained mutation: You have a pair of small horns on your
                  | head. [potion of mutation]
   922 | D        | Noticed a cyan ugly thing
   922 | D        | Noticed a cyan ugly thing
   922 | D        | Noticed a red ugly thing
   930 | D        | Killed a red ugly thing
   931 | D        | Reached XP level 12. HP: 128/128 MP: 17/17
   958 | D        | Noticed a boulder beetle
   965 | D        | Noticed a stone giant
   968 | D        | Killed a boulder beetle
   977 | D        | Killed a stone giant
   978 | D        | Reached skill level 15 in Unarmed Combat
   980 | D        | Noticed a tengu reaver
   991 | D        | Killed from afar by a tengu reaver

Illustrated notes

Levels and vault maps discovered:
D:        linesprint [early_d, line_temple, items_1, d_10, items_2, lair_1,
          lair_end, items_3, orc_1, orc_end, items_4, d_15, swamp_1, shoals_1,
          snake_1, spider_1, d_20, vaults_1, items_5, swamp_end, shoals_end,
          snake_end, spider_end, vaults_end, d_27, items_6, zot_1, zot_end,
          crypt_end, forest_end, elf_end, slime_end, tomb_end, abyss_end,
          pan_hell_end]

Skill      XL: |  1  2  3  4  5  6  7  8  9 10 11 12 |
---------------+-------------------------------------+-----
Unarmed Combat | 4 6 9 10 11 12 13 14 15 | 15.0
Fighting       | 3 4 5 6 8 9 10 11 | 11.2
Armour         | 1 2 4 5 6 7 8 10 | 10.7
Dodging        | 3 5 6 8 9 10 11 | 11.0
Shields        | 3 5 6 8 9 10 11 | 11.2
Invocations    | 2 3 4 5 6 8 9 11 | 11.7

Action                   |  1- 3 |  4- 6 |  7- 9 | 10-12 || total
-------------------------+-------+-------+-------+-------++-------
Melee: Unarmed           |    17 |    16 |    30 |   201 ||   264
       Headbutt          |       |       |       |     2 ||     2
Invok: Slouch            |       |       |     1 |     3 ||     4
       Step From Time    |       |       |       |     1 ||     1
Evoke: Wand              |       |       |    10 |       ||    10
  Use: Potion            |     1 |     2 |     5 |     7 ||    15
       Scroll            |       |       |     1 |     1 ||     2
 Stab: Sleeping          |     1 |       |       |       ||     1
       Invisible         |       |     2 |       |       ||     2
Armor: Robe              |     2 |     2 |     8 |     7 ||    19
       Skin              |       |       |       |     1 ||     1
Dodge: Dodged            |     1 |     4 |    10 |    38 ||    53
Block: Kite shield       |     5 |     5 |    14 |   111 ||   135
       Reflection        |       |       |       |     2 ||     2
       Tower shield      |       |       |       |    17 ||    17

Table legend: (Time is in decaauts)
 A = Elapsed time spent in this place.
 B = Non-inter-level travel time spent in this place.
 C = Inter-level travel time spent in this place.
 D = Time resting spent in this place.
 E = Time spent auto-exploring this place.
 F = Levels seen in this place.
 G = Mean time per level.
                   A        B        C        D        E       F      G
               +--------+--------+--------+--------+--------+-----+--------+
         Total |   1417 |   1405 |     12 |      2 |      0 |   1 | 1417.0 |
       Dungeon |   1417 |   1405 |     12 |      2 |      0 |   1 | 1417.0 |
               +--------+--------+--------+--------+--------+-----+--------+

Top non-repeatable levels by time:
       D: 1417 daAuts
